 Dungeon Crawl Stone Soup version 0.29-a0-1016-g236c7fd91e (webtiles) character file.

Game seed: 9215995734099060977

565 Manisian the Covert (level 7, -1/32 HPs)
             Began as a Spriggan Enchanter on Aug 9, 2022.
             Killed from afar by an orc wizard (11 damage)
             ... with a magic dart
             ... on level 4 of the Dungeon.
             The game lasted 00:07:24 (5303 turns).

Manisian the Covert (Spriggan Enchanter)            Turns: 5303, Time: 00:07:25

Health: -1/32      AC:  2    Str:  4    XL:     7   Next: 10%
Magic:  2/13       EV: 17    Int: 19    God:
Gold:   166        SH:  0    Dex: 15    Spells: 2/13 levels left

rFire   . . .      SeeInvis +   k - +2 dagger (drain)
rCold   . . .      Faith    .   (no shield)
rNeg    . . .      Spirit   .   b - +0 robe
rPois   .          Reflect  .   (helmet restricted)
rElec   .          Harm     .   (no cloak)
rCorr   .          Rampage  .   (gloves unavailable)
Will    +....                   (boots unavailable)
Stlth   ++++......              (no amulet)
HPRegen 0.10/turn               (no ring)
MPRegen 0.13/turn               (no ring)

@: invisible (expiring), very quick
A: very small, no large weapons, unfitting armour, see invisible, speed 3
a: no special abilities


You were on level 4 of the Dungeon.
You visited 1 branch of the dungeon, and saw 4 of its levels.

You collected 166 gold pieces.

Inventory:

Hand Weapons
 a - a +1 dagger
 k - a +2 dagger of draining (weapon)
Missiles
 n - a throwing net (quivered)
Armour
 b - a +0 robe (worn)
Wands
 f - a wand of charming (6)
Scrolls
 i - a scroll of butterflies {unknown}
 p - a scroll of enchant armour {unknown}
 q - 3 scrolls of identify
Potions
 d - 2 potions of haste
 e - 3 potions of heal wounds
 g - 2 potions of mutation
 h - a potion of berserk rage {unknown}
 j - a potion of resistance {unknown}
 l - a potion of lignification {unknown}
 m - a potion of attraction {unknown}
 o - a potion of brilliance {unknown}


   Skills:
 + Level 0.1 Fighting
 + Level 2.8 Short Blades
 + Level 3.2 Dodging
 * Level 10.0 Stealth
 + Level 3.9 Spellcasting
 + Level 4.7 Hexes
 + Level 1.1 Ice Magic


You had 2 spell levels left.
You knew the following spells:

 Your Spells              Type           Power      Damage    Failure   Level
a - Ensorcelled Hibernat  Hex/Ice        28%        N/A       6%          2
b - Tukima's Dance        Hex            21%        N/A       6%          3
c - Dazzling Flash        Conj/Hex       24%        N/A       16%         3
d - Confusing Touch       Hex            21%        N/A       6%          3

Your spell library contained the following spells:

 Spells                   Type           Power      Damage    Failure   Level


Dungeon Overview and Level Annotations

Branches:
Dungeon (4/15)
 Temple: D:4-7

Altars:


Innate Abilities, Weirdness & Mutations

You are very small and have problems with some larger weapons.
You are too small for most types of armour.
You have supernaturally acute eyesight. (SInv)
You cover ground extremely quickly. (Speed+++)


Message History

Aiming: Ensorcelled Hibernation (safe; 6% risk of failure)
Press: ? - help, Shift-Dir - straight line, f - iguana
Aim: an iguana (moderately wounded, wandering, unable to see you, hasn't noticed you, chance to affect: 56%)
The iguana resists with significant effort.
The iguana hisses angrily.
You hit the iguana.
The iguana is moderately wounded.
The iguana misses you.
You hit the iguana but do no damage. Your punch misses the iguana.
The iguana is moderately wounded.
The iguana misses you.
You completely miss the iguana.
The iguana is moderately wounded.
The iguana misses you.
You hit the iguana.
The iguana is heavily wounded.
The iguana closely misses you.
You hit the iguana but do no damage.
The iguana is heavily wounded.
The iguana completely misses you.
You closely miss the iguana.
The iguana is heavily wounded.
You flicker for a moment.
You barely miss the iguana.
The iguana is heavily wounded.
You catch the helpless iguana completely off-guard!
You impale the iguana!!
You kill the iguana!
A necrophage comes into view.
The orc wizard casts a spell.
The orc wizard flickers and vanishes for a moment.
You barely miss the ball python. You barely miss the ball python.
The ball python closely misses you.
The orc wizard gestures at the ball python while chanting.
The puff of flame hits the ball python!
The ball python dies!
The quokka barely misses you.
The orc wizard gestures at you while chanting.
The magic dart hits you!
You die...

....... ..o.o..
#...... ##.>.(o
....# ..#n...
.......# #......
.........#
#....####
..........
#..or#### .........
####o@..####
........
####....#####......
#...[...#.......
#.####.....#....
###.# ###..##....
#...# ##...#..#
#.#.#######.....##
#...............#
##..###~###......##


You could see a necrophage (wandering, unable to see you), 2 orc wizards and a
quokka (unable to see you).

Vanquished Creatures
  Sigmund (D:3)
  2 hounds (D:4)
  A gnoll bouda (D:4)
  A jelly (D:4)
  An iguana (D:4)
  Ijyb (D:3)
  2 orc wizards (D:3)
  7 adders
  3 gnolls (D:4)
  A worm (D:2)
  2 dart slugs
  12 orcs
  12 bats
  8 endoplasms
  6 giant cockroaches
  6 goblins
  8 hobgoblins
  3 quokkas
  3 ball pythons
  4 frilled lizards
  3 kobolds
  3 rats
90 creatures vanquished.

Vanquished Creatures (collateral kills)
  2 orcs (D:4)
2 creatures vanquished.

Vanquished Creatures (others)
  A dancing weapon (D:4)
  A gnoll (D:4)
  A ball python (D:4)
3 creatures vanquished.

Grand Total: 95 creatures vanquished

Notes
Turn   | Place    | Note
-------+----------+-------------------------------------------
     0 | D:1      | Manisian the Spriggan Enchanter began the quest for the
                  | Orb.
     0 | D:1      | Reached XP level 1. HP: 9/9 MP: 5/5
   754 | D:1      | Reached XP level 2. HP: 6/13 MP: 6/6
   757 | D:1      | Learned a level 2 spell: Ensorcelled Hibernation
  1261 | D:1      | Reached skill level 5 in Stealth
  1589 | D:1      | Reached XP level 3. HP: 16/16 MP: 0/8
  1593 | D:1      | Learned a level 3 spell: Tukima's Dance
  2675 | D:2      | Reached skill level 6 in Stealth
  2675 | D:2      | Reached XP level 4. HP: 21/21 MP: 4/9
  3248 | D:3      | Noticed Ijyb
  3254 | D:3      | Killed Ijyb
  3255 | D:3      | Reached skill level 7 in Stealth
  3352 | D:3      | Reached XP level 5. HP: 24/24 MP: 8/11
  3356 | D:3      | Learned a level 3 spell: Dazzling Flash
  3446 | D:3      | Found a faded altar of an unknown god.
  3684 | D:3      | Noticed Sigmund
  3695 | D:3      | Killed Sigmund
  3696 | D:3      | Reached skill level 8 in Stealth
  3696 | D:3      | Reached XP level 6. HP: 17/28 MP: 8/12
  3860 | D:3      | Learned a level 3 spell: Confusing Touch
  3894 | D:3      | Reached skill level 9 in Stealth
  3894 | D:3      | Reached skill level 1 in Ice Magic
  4802 | D:4      | HP: 1/28 [orc/+2 antimagic flail (6)]
  5276 | D:4      | Reached skill level 10 in Stealth
  5276 | D:4      | Reached XP level 7. HP: 28/32 MP: 1/13
  5303 | D:4      | Killed from afar by an orc wizard

Illustrated notes

Levels and vault maps discovered:
D:1:      wheals_arrival_linesprint, layout_basic
D:2:      layout_basic, kennysheep_decorative_pillar, kennysheep_generic_room_16
D:3:      minmay_razor_zed, layout_loops_ring,
          shapermc_ecumenical_altar_pompeii, uniq_sigmund, uniq_ijyb
D:4:      layout_cave_pods, minmay_temple_entry_junction_2,
          nicolae_kite_square_tiling_tiny, grunt_decor_cap

Skill      XL: |  1  2  3  4  5  6 |
---------------+-------------------+-----
Hexes          | 4 |  4.7
Dodging        | 3 |  3.2
Stealth        | 5 6 7 8 10 | 10.0
Spellcasting   | 3 |  3.9
Ice Magic      | 1 |  1.1
Short Blades   | 2 |  2.8
Fighting       | |  0.1

Action                   |  1- 3 |  4- 6 |  7- 9 || total
-------------------------+-------+-------+-------++-------
Melee: Dagger            |   105 |    90 |    18 ||   213
 Cast: Ensorcelled Hiber |    30 |    42 |     1 ||    73
       Dazzling Flash    |       |     4 |       ||     4
       Tukima's Dance    |       |     1 |       ||     1
Evoke: Wand              |       |     1 |       ||     1
  Use: Scroll            |     2 |     6 |       ||     8
       Potion            |       |     2 |     1 ||     3
 Stab: Sleeping          |    24 |    37 |       ||    61
       Invisible         |       |     2 |     1 ||     3
       Distracted        |       |     1 |       ||     1
Armor: Robe              |    14 |     9 |       ||    23
Dodge: Dodged            |    87 |    63 |    10 ||   160

Table legend: (Time is in decaauts)
 A = Elapsed time spent in this place.
 B = Non-inter-level travel time spent in this place.
 C = Inter-level travel time spent in this place.
 D = Time resting spent in this place.
 E = Time spent auto-exploring this place.
 F = Levels seen in this place.
 G = Mean time per level.
                   A        B        C        D        E       F      G
               +--------+--------+--------+--------+--------+-----+--------+
         Total |   4257 |   4193 |     64 |      3 |   3583 |   4 | 1064.2 |
       Dungeon |   4257 |   4193 |     64 |      3 |   3583 |   4 | 1064.2 |
               +--------+--------+--------+--------+--------+-----+--------+

Top non-repeatable levels by time:
     D:1: 1634 daAuts
     D:3: 1110 daAuts
     D:2: 876 daAuts
     D:4: 636 daAuts
